 Dungeon Crawl Stone Soup version 0.28.0-53-g5a82cb258f (webtiles) character file.

Game seed: 9421358761659121518

1145 H0rd4k the Skirmisher (level 8, -6/63 HPs)
             Began as a Human Artificer on July 14, 2022.
             Was an Initiate of Gozag.
             Mangled by a wyvern zombie (12 damage)
             ... in an ossuary.
             The game lasted 00:07:35 (6488 turns).

H0rd4k the Skirmisher (Human Artificer)             Turns: 6488, Time: 00:07:35

Health: -6/63      AC:  8    Str: 12    XL:     8   Next: 64%
Magic:  13/13      EV: 13    Int: 14    God:    Gozag
Gold:   665        SH:  0    Dex: 14    Spells: 14/14 levels left

rFire   . . .      SeeInvis .   j - +2 hand axe (vorpal)
rCold   . . .      Faith    .   (no shield)
rNeg    . . .      Spirit   .   y - +3 leather armour of the Kangaroo {-Cast rPois Slay+2}
rPois   +          Reflect  .   h - +1 helmet
rElec   .          Harm     .   (no cloak)
rCorr   .          Rampage  .   (no gloves)
Will    .....      NoCast   +   (no boots)
Stlth   +.........              (no amulet)
HPRegen 0.20/turn               (no ring)
MPRegen 0.13/turn               (no ring)

@: no status effects
A: no striking features
a: Renounce Religion, Potion Petition, Call Merchant, Bribe Branch


You were in an ossuary.
You worshipped Gozag.
Gozag was pleased with you.
You visited 2 branches of the dungeon, and saw 8 of its levels.
You also visited: Ossuary.

You collected 742 gold pieces.
You paid 77 gold pieces to Gozag.

Inventory:

Hand Weapons
 a - a +0 club
 j - a +2 vorpal hand axe (weapon)
 K - a +1 short sword of electrocution
Missiles
 k - 5 atropa-tipped darts
 x - 9 poisoned darts
Armour
 b - a +0 leather armour
 h - a +1 helmet (worn)
 y - the +3 leather armour of the Kangaroo (worn) {-Cast rPois Slay+2}
   (You found it on level 4 of the Dungeon)

   Slay:      It affects your accuracy & damage with ranged weapons and melee
   (+2).
   rPois:     It protects you from poison.
   -Cast:     It prevents spellcasting.
Jewellery
 g - a ring of see invisible
 l - a +4 ring of evasion
 G - a ring of wizardry
Wands
 c - a wand of flame (3) (quivered)
 o - a wand of iceblast (7)
Scrolls
 i - 2 scrolls of noise {unknown}
 n - a scroll of immolation {unknown}
 p - a scroll of amnesia {unknown}
 r - a scroll of summoning {unknown}
 s - 2 scrolls of magic mapping {unknown}
 t - 4 scrolls of identify {unknown}
 A - 2 scrolls of teleportation {unknown}
 B - a scroll of torment {unknown}
 C - a scroll of vulnerability {unknown}
 H - a scroll of fog {unknown}
 J - a scroll of brand weapon {unknown}
Potions
 f - 3 potions of attraction {unknown}
 m - 6 potions of heal wounds {unknown}
 q - 3 potions of lignification {unknown}
 u - a potion of mutation {unknown}
 v - a potion of degeneration {unknown}
 w - 3 potions of curing {unknown}
 z - a potion of brilliance {unknown}
 D - a potion of flight {unknown}
 E - 2 potions of berserk rage {unknown}
 F - a potion of might {unknown}
 I - a potion of ambrosia {unknown}
Miscellaneous
 e - a piece from Xom's chessboard (15/15)


   Skills:
 + Level 5.5 Fighting
 - Level 2.7 Axes
 - Level 2.0 Armour
 + Level 4.6 Dodging
 - Level 1.0 Stealth
 * Level 3.7 Spellcasting
 + Level 4.5 Evocations


You had 14 spell levels left.
You didn't know any spells.
Your spell library contained the following spells:

 Spells                   Type           Power      Damage    Failure   Level
 Magic Dart               Conj           8%         1d3       26%         1
 Ensorcelled Hibernation  Hex/Ice        4%         N/A       36%         2
 Searing Ray              Conj           4%         2d4       36%         2
 Static Discharge         Conj/Air       2%         N/A       36%         2
 Spider Form              Tmut/Pois      2%         N/A       58%         3
 Anguish                  Hex/Necr       1%         N/A       94%         4
 Dispel Undead            Necr           2%         3d7       94%         4
 Fulminant Prism          Conj/Hex       1%         3d6       94%         4
 Sticky Flame             Conj/Fire      2%         2d3       94%         4


Dungeon Overview and Level Annotations

Branches:
Dungeon (7/15)             Temple (1/1) D:4         Ossuary (1/1)

Altars:
Ashenzari
Cheibriados
Dithmenos
Elyvilon
Fedhas
Gozag
Hepliaklqana
Kikubaaqudgha
Nemelex Xobeh
Okawaru
Qazlal
Uskayaw
Vehumet
Wu Jian
Xom
Yredelemnul

Shops:
D:3 (   D:5 *   D:7 =:

Annotations:
D:3 exclusion: downstairs
D:4 1 runed translucent door, exclusion: door, Crazy Yiuf
D:6 Maggie, Sigmund


Message History

The water moccasin zombie bites you.
Aiming: Throw Flame
Press: ? - help, Shift-Dir - straight line, f/p - water moccasin zombie
Aim: a water moccasin zombie (severely damaged, 74% to hit)
The puff of flame hits the mummy!
The mummy is burned terribly!
The mummy is almost destroyed.
Unknown command.
Aiming: Throw Flame
Press: ? - help, Shift-Dir - straight line, f/p - water moccasin zombie
Aim: a water moccasin zombie (severely damaged, 74% to hit)
The puff of flame hits the mummy!
The mummy is burned terribly!
You destroy the mummy!
The wyvern zombie is distracted by your dazzling golden aura.
Unknown command.
You strike the helpless wyvern zombie from behind!
You slash the wyvern zombie!
The wyvern zombie is no longer distracted by gold.
The wyvern zombie is lightly damaged.
The wyvern zombie bites you!
You hit the wyvern zombie.
The wyvern zombie is moderately damaged.
The wyvern zombie bites you.
* * * LOW HITPOINT WARNING * * *
You barely miss the wyvern zombie.
The wyvern zombie is moderately damaged.
The wyvern zombie bites you.
* * * LOW HITPOINT WARNING * * *
The wyvern zombie bites you but does no damage.
You hit the wyvern zombie but do no damage.
The wyvern zombie is moderately damaged.
The wyvern zombie bites you.
* * * LOW HITPOINT WARNING * * *
Aiming: Throw Flame
Press: ? - help, Shift-Dir - straight line, f/p - water moccasin zombie
Aim: a water moccasin zombie (severely damaged, 74% to hit)
The puff of flame hits the wyvern zombie.
The wyvern zombie is heavily damaged.
The wyvern zombie bites you!
You die...
Your body crumbles into a pile of gold.

## # #.
+#'#'#'#+#+#
...M...Z...+
##Z## #$@$#
#.∩.# #∩..#
#####


You could see a water moccasin zombie and a wyvern zombie.

Vanquished Creatures
  A water moccasin (D:7)
  An ogre (D:4)
  A necrophage (D:6)
  A kobold brigand (D:5)
  An elf skeleton (D:7)
  A scorpion (D:5)
  A water moccasin skeleton (D:4)
  A wyvern skeleton (D:6)
  A jelly (D:3)
  2 hounds
  A human skeleton (D:7)
  An orc wizard (D:7)
  A hound zombie (D:5)
  A hound skeleton (D:4)
  3 mummies (Ossuary)
  Robin (D:4)
  9 gnolls
  2 howler monkey skeletons
  5 adders
  A shadow imp (D:6)
  An ufetubus (D:5)
  2 adder skeletons (D:4)
  3 worms
  4 dart slugs
  10 orcs
  An endoplasm (D:4)
  4 giant cockroaches
  15 goblins
  15 hobgoblins
  8 jackals
  4 kobolds
  3 quokkas
  8 ball pythons
  9 bats
  4 frilled lizards
  A quokka skeleton (D:4)
  2 rats
130 creatures vanquished.

Vanquished Creatures (collateral kills)
  An orc wizard (D:7)
  2 gnolls (D:3)
  A dart slug (D:5)
  An orc (D:7)
  A hobgoblin (D:4)
  A kobold (D:5)
7 creatures vanquished.

Vanquished Creatures (others)
  Prince Ribbit (D:6)
  A necrophage (D:6)
  A bullfrog (D:7)
  An adder (D:4)
  2 withered plants (Ossuary)
6 creatures vanquished.

Grand Total: 143 creatures vanquished

Notes
Turn   | Place    | Note
-------+----------+-------------------------------------------
     0 | D:1      | H0rd4k the Human Artificer began the quest for the Orb.
     0 | D:1      | Reached XP level 1. HP: 15/15 MP: 1/1
   559 | D:1      | Reached XP level 2. HP: 20/21 MP: 2/2
   963 | D:1      | Reached XP level 3. HP: 26/26 MP: 2/4
  1616 | D:2      | Reached XP level 4. HP: 32/32 MP: 5/5
  1739 | D:3      | Reached skill level 1 in Axes
  1865 | D:3      | Found Ojueteam's Weapon Shoppe.
  1879 | D:3      | Reached skill level 1 in Spellcasting
  2110 | D:3      | Reached XP level 5. HP: 33/38 MP: 6/6
  2121 | D:3      | Reached skill level 2 in Fighting
  2410 | D:3      | HP: 1/38 [acid (7)]
  3084 | D:3      | Reached XP level 6. HP: 20/44 MP: 8/8
  3666 | D:4      | Found a staircase to the Ecumenical Temple.
  3675 | D:4      | Identified the +3 leather armour of the Kangaroo {-Cast
                  | rPois Slay+2}
  3680 | Temple   | Entered the Ecumenical Temple
  3709 | Temple   | Became a worshipper of Gozag Ym Sagoz the Greedy
  4062 | D:4      | Reached skill level 3 in Fighting
  4146 | D:4      | Noticed Robin
  4161 | D:4      | Reached XP level 7. HP: 51/52 MP: 10/10
  4171 | D:4      | Killed Robin
  4389 | D:4      | Found an ornate altar of the Wu Jian Council.
  4779 | D:4      | Found a runed translucent door.
  4780 | D:4      | Noticed Crazy Yiuf
  4805 | D:5      | Entered Level 5 of the Dungeon
  4815 | D:5      | Found Ypoj's Assorted Antiques.
  5211 | D:5      | Reached skill level 4 in Fighting
  5986 | D:6      | Reached XP level 8. HP: 52/61 MP: 12/12
  6113 | D:6      | Noticed Sigmund
  6159 | D:6      | Noticed Prince Ribbit
  6175 | D:6      | Your ally Prince Ribbit died
  6190 | D:6      | Noticed Maggie
  6248 | D:7      | Found Vixzet Umuu's Jewellery Emporium.
  6320 | D:7      | Reached skill level 5 in Fighting
  6359 | D:7      | Found Ephuad's Book Shop.
  6407 | D:7      | Found a sand-covered staircase.
  6451 | Ossuary  | Entered an ossuary
  6488 | Ossuary  | Mangled by a wyvern zombie

Illustrated notes

Levels and vault maps discovered:
D:1:      dpeg_arrival_leaves_temple_mockup, layout_basic,
          nicolae_figureground_sparkle
D:2:      layout_rooms
D:3:      layout_basic, serial_shops, nicolae_shop_bloodbath_and_beyond
D:4:      minmay_razor_zed, layout_cave_pools, nzn_wu_jian_contemplation,
          minmay_temple_entry_antechambers, hangedman_decor_push,
          minmay_misc_feat_rows, minmay_misc_feat_square,
          kennysheep_small_square, uniq_crazy_yiuf_cottage, uniq_robin
D:5:      layout_loops_ring, serial_shops, nicolae_shop_overgrown_old_shop,
          fountainhead
D:6:      layout_cave_pools, minmay_lizard_king, uniq_maggie, uniq_sigmund,
          uniq_edmund, uniq_prince_ribbit1, uniq_duvessa
D:7:      layout_rooms, serial_shops, shop, nicolae_shop_trees,
          nicolae_shop_advertising_works [nicolae_subvault_shop_adworks], shop,
          shop, nicolae_ossuary_entry_catacombs
Temple:   nicolae_temple_the_god_donut
Ossuary:  ossuary_zaba_flooded

Skill      XL: |  1  2  3  4  5  6  7  8 |
---------------+-------------------------+-----
Axes           | 1 2 |  2.7
Spellcasting   | 1 2 3 |  3.7
Fighting       | 2 3 4 5 |  5.5
Dodging        | 2 3 4 |  4.6
Evocations     | 4 |  4.5
Armour         | |  2.0
Stealth        | |  1.0

Action                   |  1- 3 |  4- 6 |  7- 9 || total
-------------------------+-------+-------+-------++-------
Melee: Club              |    20 |       |       ||    20
       Hand axe          |    88 |   144 |   166 ||   398
       Punch             |       |     2 |     2 ||     4
Evoke: Wand              |       |     6 |    22 ||    28
 Stab: Sleeping          |     1 |       |       ||     1
       Distracted        |       |     1 |     1 ||     2
Armor: Leather armour    |    48 |    59 |    71 ||   178
Dodge: Dodged            |    81 |   123 |   109 ||   313
